CAL (WIN)
FORT MYERS MIRACLE @ MODESTO NUTS
12/19/2046
 
TOP OF THE 1ST
Fort Myers Miracle batting - Pitching for Modesto Nuts : RHP Matt Morales
Pitching: RHP Matt Morales
Batting: LHB Marshall Daul 0-0: Called Strike
0-1: Ball
1-1: Foul Ball, location: 2F
1-2: Ball
2-2: SINGLE (Line Drive, 7LS, EV 102.5 MPH)
Batting: LHB Chris Munguia 0-0: Called Strike
0-1: Ball
Wild Pitch!
Marshall Daul to second
1-1: Ball
2-1: DOUBLE (Groundball, 5L, EV 98.8 MPH)
Marshall Daul scores
Batting: SHB Matt Urbani 0-0: Ball
Chris Munguia steals 3rd, throwing error, E2
Chris Munguia scores
1-0: Called Strike
1-1: SINGLE (Line Drive, 6D, EV 99.4 MPH)
Batting: RHB Michael McDonald 0-0: Called Strike
Matt Urbani steals 2nd base
0-1: Swinging Strike
Passed Ball!
Matt Urbani to third
0-2: Ball
1-2: Ball
2-2: Ball
3-2: SINGLE (Groundball, 56, EV 96.9 MPH)
Matt Urbani scores
Batting: RHB John Dew 0-0: Ball
Michael McDonald steals 2nd base
1-0: Ball
2-0: Ball
3-0: Swinging Strike
3-1: Swinging Strike
Passed Ball!
Michael McDonald to third
3-2: Ground out 6-3 (Groundball, 6, EV 80.0 MPH)
Michael McDonald scores
Batting: LHB Tomas Espino 0-0: Ball
1-0: Ball
2-0: Ball
3-0: Base on Balls
Batting: RHB Kevin Harris 0-0: SINGLE (Groundball, 56D, EV 108.1 MPH)
Tomas Espino to second
Batting: RHB Leo Gonzalez 0-0: Grounds into double play, 6-4-3 (Groundball, 56, EV 79.4 MPH)
Top of the 1st over - 4 runs, 5 hits, 1 error, 1 left on base; Fort Myers 4 - Modesto 0
BOTTOM OF THE 1ST
Modesto Nuts batting - Pitching for Fort Myers Miracle : LHP Bobby Molina
Pitching: LHP Bobby Molina
Batting: SHB Craig Ruzic 0-0: Called Strike
0-1: Swinging Strike
0-2: Foul Ball, location: 2F
0-2: Ball
1-2: Strikes out looking
Batting: RHB Seisaburo Edagawa 0-0: Ball
1-0: Called Strike
1-1: Swinging Strike
1-2: Strikes out swinging, 2-3 out at first.
Batting: RHB Mike McElroy 0-0: Called Strike
0-1: Ground out 6-3 (Groundball, 6S, EV 85.0 MPH)
Bottom of the 1st over - 0 runs, 0 hits, 0 errors, 0 left on base; Fort Myers 4 - Modesto 0
TOP OF THE 2ND
Fort Myers Miracle batting - Pitching for Modesto Nuts : RHP Matt Morales
Batting: SHB Manny Molina 0-0: Ball
1-0: Foul Ball, location: 2F
1-1: Foul Ball, location: 2F
1-2: Ball
2-2: Ball
3-2: Base on Balls
Batting: LHB Marshall Daul 0-0: Ball
1-0: Ball
2-0: Ball
Passed Ball!
Manny Molina to second
3-0: Called Strike
3-1: Foul Ball, location: 2F
3-2: Foul Ball, location: 2F
3-2: Fly out, F7 (Line Drive, 7, EV 89.4 MPH)
Batting: LHB Chris Munguia 0-0: Ball
Manny Molina steals 3rd base (no throw)
1-0: Foul Ball, location: 2F
1-1: Called Strike
1-2: Ball
2-2: Ball
3-2: Base on Balls
Batting: SHB Matt Urbani 0-0: Ball
Chris Munguia steals 2nd base
1-0: SINGLE (Line Drive, 5D, EV 95.6 MPH)
Manny Molina scores
Chris Munguia to third
Pitching: RHP Lorenzo Pacheco
Batting: RHB Michael McDonald 0-0: Ball
1-0: SINGLE (Groundball, 5S, EV 70.0 MPH) (infield hit)
Chris Munguia scores
Matt Urbani to second
Batting: RHB John Dew 0-0: Called Strike
0-1: Foul Ball, location: 2F
0-2: Ball
1-2: Fly out, F7 (Flyball, 7, EV 77.5 MPH)
Batting: LHB Tomas Espino 0-0: Ground out 6-3 (Groundball, 6S, EV 87.5 MPH)
Top of the 2nd over - 2 runs, 2 hits, 0 errors, 2 left on base; Fort Myers 6 - Modesto 0
BOTTOM OF THE 2ND
Modesto Nuts batting - Pitching for Fort Myers Miracle : LHP Bobby Molina
Batting: LHB Nick Rooney 0-0: Ball
1-0: Ball
2-0: SINGLE (Line Drive, 6M, EV 104.4 MPH)
Batting: LHB Paul McClintock 0-0: Ball
1-0: Foul Ball, location: 2F
1-1: Ball
2-1: Ball
Wild Pitch!
Nick Rooney to second
3-1: Foul Ball, location: 2F
3-2: Ground out 5-3 (Groundball, 56, EV 103.8 MPH)
Batting: SHB Jeff Sorrels 0-0: Fly out, F7 (Line Drive, 7, EV 96.2 MPH)
Batting: RHB Brent Montagano 0-0: Ball
1-0: Fly out, F3 (Line Drive, 3, EV 71.2 MPH)
Bottom of the 2nd over - 0 runs, 1 hit, 0 errors, 1 left on base; Fort Myers 6 - Modesto 0
TOP OF THE 3RD
Fort Myers Miracle batting - Pitching for Modesto Nuts : RHP Lorenzo Pacheco
Batting: RHB Kevin Harris 0-0: Ball
1-0: Called Strike
1-1: Ball
2-1: Ball
3-1: Ground out 3-1 (Groundball, 13, EV 83.8 MPH)
Batting: RHB Leo Gonzalez 0-0: Ball
1-0: Ball
2-0: Ball
3-0: Called Strike
3-1: Foul Ball, location: 2F
3-2: Strikes out looking
Batting: SHB Manny Molina 0-0: Ball
1-0: Ball
2-0: Ball
3-0: Called Strike
3-1: Foul Ball, location: 2F
3-2: Foul Ball, location: 2F
3-2: Ground out 4-3 (Groundball, 4, EV 106.2 MPH)
Top of the 3rd over - 0 runs, 0 hits, 0 errors, 0 left on base; Fort Myers 6 - Modesto 0
BOTTOM OF THE 3RD
Modesto Nuts batting - Pitching for Fort Myers Miracle : LHP Bobby Molina
Batting: RHB Carlos de Jesus 0-0: Swinging Strike
0-1: Ball
1-1: Foul Ball, location: 2F
1-2: Strikes out looking
Batting: RHB Bob Hayes 0-0: Swinging Strike
0-1: Foul Ball, location: 2F
0-2: Ball
1-2: SINGLE (Groundball, 5D, EV 97.5 MPH)
Batting: SHB Craig Ruzic 0-0: Fielders Choice at 2nd, 5-4 (Groundball, 56S, EV 85.6 MPH)
Batting: RHB Seisaburo Edagawa 0-0: Ball
1-0: Called Strike
1-1: Foul Ball, location: 2F
1-2: Strikes out swinging
Bottom of the 3rd over - 0 runs, 1 hit, 0 errors, 1 left on base; Fort Myers 6 - Modesto 0
TOP OF THE 4TH
Fort Myers Miracle batting - Pitching for Modesto Nuts : RHP Lorenzo Pacheco
Batting: LHB Marshall Daul 0-0: Ground out 4-3 (Groundball, 34D, EV 108.8 MPH)
Batting: LHB Chris Munguia 0-0: Ground out 4-3 (Groundball, 4, EV 101.9 MPH)
Batting: SHB Matt Urbani 0-0: Ball
1-0: Ball
2-0: Ball
3-0: Base on Balls
Batting: RHB Michael McDonald 0-0: Called Strike
Matt Urbani steals 2nd base
0-1: Foul Ball, location: 2F
0-2: Ball
1-2: Fly out, F7 (Flyball, 78S, EV 91.9 MPH)
Top of the 4th over - 0 runs, 0 hits, 0 errors, 1 left on base; Fort Myers 6 - Modesto 0
BOTTOM OF THE 4TH
Modesto Nuts batting - Pitching for Fort Myers Miracle : LHP Bobby Molina
Batting: RHB Mike McElroy 0-0: Foul Ball, location: 2F
0-1: Ball
1-1: Foul Ball, location: 2F
1-2: DOUBLE (Line Drive, 89M, EV 96.9 MPH)
Batting: LHB Nick Rooney 0-0: Ball
1-0: Swinging Strike
1-1: Called Strike
1-2: Strikes out swinging
Batting: LHB Paul McClintock 0-0: Ball
1-0: Called Strike
1-1: Ball
2-1: Foul Ball, location: 2F
2-2: Strikes out swinging
Batting: SHB Jeff Sorrels 0-0: Called Strike
0-1: Ball
1-1: Foul Ball, location: 2F
1-2: SINGLE (Groundball, 4MD, EV 103.1 MPH)
Mike McElroy to third
Runner from 3rd tries for Home, SAFE, throw by CF to home
Jeff Sorrels to second
Batting: RHB Brent Montagano 0-0: Ball
1-0: Ball
2-0: SINGLE (Groundball, 6MD, EV 106.2 MPH)
Jeff Sorrels to third
Runner from 3rd tries for Home, SAFE, throw by CF to home
Brent Montagano to second
Batting: RHB Carlos de Jesus 0-0: Called Strike
0-1: Ball
1-1: Foul Ball, location: 2F
1-2: Ball
2-2: Foul Ball, location: 2F
2-2: Strikes out swinging
Bottom of the 4th over - 2 runs, 3 hits, 0 errors, 1 left on base; Fort Myers 6 - Modesto 2
TOP OF THE 5TH
Fort Myers Miracle batting - Pitching for Modesto Nuts : RHP Lorenzo Pacheco
Batting: RHB John Dew 0-0: Ball
1-0: Called Strike
1-1: Called Strike
1-2: Ball
2-2: Strikes out swinging
Pitching: RHP Zi-cheng Zhou
Batting: LHB Tomas Espino 0-0: Ball
1-0: Ball
2-0: Called Strike
2-1: SOLO HOME RUN (Flyball, 89XD, EV 97.5 MPH), Distance : 381 ft
Batting: RHB Kevin Harris 0-0: Ball
1-0: Foul Ball, location: 2F
1-1: Ball
2-1: Foul Ball, location: 2F
2-2: Foul Ball, location: 2F
2-2: Foul Ball, location: 2F
2-2: SINGLE (Groundball, 56D, EV 108.8 MPH)
Batting: RHB Leo Gonzalez 0-0: Called Strike
0-1: Ball
1-1: Swinging Strike
1-2: Strikes out swinging
Batting: SHB Manny Molina 0-0: Ball
1-0: Called Strike
1-1: Ground out 5-3 (Groundball, 56S, EV 80.0 MPH)
Top of the 5th over - 1 run, 2 hits, 0 errors, 1 left on base; Fort Myers 7 - Modesto 2
BOTTOM OF THE 5TH
Modesto Nuts batting - Pitching for Fort Myers Miracle : LHP Bobby Molina
Batting: RHB Bob Hayes 0-0: Called Strike
0-1: Swinging Strike
0-2: Strikes out swinging
Batting: SHB Craig Ruzic 0-0: Ball
1-0: Swinging Strike
1-1: Ball
2-1: Called Strike
2-2: Ball
3-2: Fly out, F7 (Flyball, 78S, EV 91.9 MPH)
Batting: RHB Seisaburo Edagawa 0-0: DOUBLE (Line Drive, 9LM, EV 106.9 MPH)
Batting: RHB Mike McElroy 0-0: Called Strike
0-1: Ball
1-1: Ball
2-1: Ball
3-1: Base on Balls
Batting: LHB Nick Rooney 0-0: Called Strike
0-1: Ball
1-1: Foul Ball, location: 2F
1-2: Ball
2-2: Foul Ball, location: 2F
2-2: Strikes out swinging
Bottom of the 5th over - 0 runs, 1 hit, 0 errors, 2 left on base; Fort Myers 7 - Modesto 2
TOP OF THE 6TH
Fort Myers Miracle batting - Pitching for Modesto Nuts : RHP Zi-cheng Zhou
Batting: LHB Marshall Daul 0-0: Called Strike
0-1: DOUBLE (Groundball, 3L, EV 103.1 MPH)
Batting: LHB Chris Munguia 0-0: Foul Ball, location: 2F
0-1: Ball
1-1: Swinging Strike
1-2: Ball
2-2: Foul Ball, location: 2F
2-2: Ground out 4-3 (Groundball, 4, EV 87.5 MPH)
Marshall Daul to third
Batting: SHB Matt Urbani 0-0: Called Strike
0-1: Swinging Strike
0-2: Strikes out swinging
Batting: RHB Michael McDonald 0-0: Called Strike
0-1: 2-RUN HOME RUN (Flyball, 7D, EV 97.5 MPH), Distance : 369 ft
Batting: RHB John Dew 0-0: Ball
1-0: Called Strike
1-1: Ball
2-1: Swinging Strike
2-2: Foul Ball, location: 2F
2-2: Foul Ball, location: 2F
2-2: Ground out 6-3 (Groundball, 6, EV 89.4 MPH)
Top of the 6th over - 2 runs, 2 hits, 0 errors, 0 left on base; Fort Myers 9 - Modesto 2
BOTTOM OF THE 6TH
Modesto Nuts batting - Pitching for Fort Myers Miracle : LHP Bobby Molina
Batting: LHB Paul McClintock 0-0: Ball
1-0: Ball
2-0: Ball
3-0: Base on Balls
Batting: SHB Jeff Sorrels 0-0: Ball
1-0: Ball
2-0: Called Strike
2-1: Called Strike
2-2: Fly out, F9 (Line Drive, 9, EV 95.0 MPH)
Batting: RHB Brent Montagano 0-0: Ball
1-0: Ball
2-0: Ball
3-0: Base on Balls
Paul McClintock to second
Batting: RHB Carlos de Jesus 0-0: Called Strike
0-1: Foul Ball, location: 2F
0-2: Ball
1-2: Foul Ball, location: 2F
1-2: SINGLE (Groundball, 4M, EV 101.9 MPH) (infield hit)
Paul McClintock to third
Brent Montagano to second
Batting: RHB Bob Hayes 0-0: Ball
1-0: Ball
2-0: Swinging Strike
2-1: Fly out, F7 (Flyball, 78M, EV 83.8 MPH)
Batting: SHB Craig Ruzic 0-0: Called Strike
0-1: Ball
1-1: Ball
2-1: Ground out U3 (Groundball, 34, EV 83.8 MPH)
Bottom of the 6th over - 0 runs, 1 hit, 0 errors, 3 left on base; Fort Myers 9 - Modesto 2
TOP OF THE 7TH
Fort Myers Miracle batting - Pitching for Modesto Nuts : RHP Zi-cheng Zhou
Pitching: RHP Jerry Dunne
Batting: LHB Tomas Espino 0-0: Ball
1-0: Ball
2-0: Foul Ball, location: 2F
2-1: Foul Ball, location: 2F
2-2: Ball
3-2: Base on Balls
Batting: RHB Kevin Harris 0-0: Called Strike
0-1: Called Strike
0-2: Ball
Wild Pitch!
Tomas Espino to second
1-2: Ball
Wild Pitch!
Tomas Espino to third
2-2: Foul Ball, location: 2F
2-2: Ball
3-2: Base on Balls
Batting: RHB Leo Gonzalez 0-0: Ball
1-0: Ball
2-0: Ball
3-0: Base on Balls
Kevin Harris to second
Batting: SHB Manny Molina 0-0: Swinging Strike
0-1: Ball
1-1: Swinging Strike
1-2: Ball
Passed Ball!
Tomas Espino scores
Kevin Harris to third
Leo Gonzalez to second
2-2: Ball
3-2: Strikes out looking
Batting: LHB Marshall Daul 0-0: Called Strike
0-1: Ball
1-1: Ball
2-1: Foul Ball, location: 2F
2-2: Ball
3-2: Base on Balls
Pinch Hitting: RHB Willie Jimenez 0-0: Called Strike
0-1: Fielders Choice at 2nd, 4-6 (Groundball, 4, EV 102.5 MPH)
Kevin Harris scores
Leo Gonzalez to third
Batting: SHB Matt Urbani 0-0: Ball
1-0: Ball
2-0: Ball
Passed Ball!
Leo Gonzalez scores
Willie Jimenez to second
3-0: Base on Balls
Batting: RHB Michael McDonald 0-0: Called Strike
0-1: Called Strike
0-2: Ball
Passed Ball!
Willie Jimenez to third
Matt Urbani to second
1-2: Foul Ball, location: 2F
1-2: Fly out, F3 (Line Drive, 3L, EV 70.6 MPH)
Top of the 7th over - 3 runs, 0 hits, 0 errors, 2 left on base; Fort Myers 12 - Modesto 2
BOTTOM OF THE 7TH
Modesto Nuts batting - Pitching for Fort Myers Miracle : LHP Bobby Molina
Pitching: RHP Regan Kalinski
Now in LF: Willie Jimenez
Batting: RHB Seisaburo Edagawa 0-0: Ball
1-0: Swinging Strike
1-1: Called Strike
1-2: Fly out, F8 (Flyball, 78D, EV 94.4 MPH)
Pinch Hitting: SHB Justin Jackson 0-0: Foul Ball, location: 2F
0-1: SINGLE (Groundball, 34D, EV 98.1 MPH)
Pinch Hitting: RHB John Corfield 0-0: Called Strike
0-1: Called Strike
0-2: Strikes out swinging
Pinch Hitting: RHB Dan Hoffman 0-0: Swinging Strike
0-1: Ball
Justin Jackson steals 2nd base (no throw)
1-1: Ball
2-1: Ball
3-1: Base on Balls
Batting: SHB Jeff Sorrels 0-0: Ball
1-0: Called Strike
1-1: Ball
2-1: Swinging Strike
2-2: Foul Ball, location: 2F
2-2: Strikes out looking
Bottom of the 7th over - 0 runs, 1 hit, 0 errors, 2 left on base; Fort Myers 12 - Modesto 2
TOP OF THE 8TH
Fort Myers Miracle batting - Pitching for Modesto Nuts : RHP Jerry Dunne
Pitching: LHP Mike Pierce
Now at 1B: John Corfield
Now at 2B: Justin Jackson
Now in CF: Nick Martin
Now in RF: Seisaburo Edagawa
Batting: RHB John Dew 0-0: Ball
1-0: Fly out, F3 (Line Drive, 3, EV 70.0 MPH)
Batting: LHB Tomas Espino 0-0: Swinging Strike
0-1: Ball
1-1: Ground out 4-3 (Groundball, 4, EV 79.4 MPH)
Batting: RHB Kevin Harris 0-0: Swinging Strike
0-1: Called Strike
0-2: SINGLE (Line Drive, 89S, EV 88.1 MPH)
Batting: RHB Leo Gonzalez 0-0: Called Strike
0-1: Fielders Choice at 2nd, 6-4 (Groundball, 6, EV 98.1 MPH)
Top of the 8th over - 0 runs, 1 hit, 0 errors, 1 left on base; Fort Myers 12 - Modesto 2
BOTTOM OF THE 8TH
Modesto Nuts batting - Pitching for Fort Myers Miracle : RHP Regan Kalinski
Batting: RHB Brent Montagano 0-0: Ball
1-0: Called Strike
1-1: Called Strike
1-2: Ball
2-2: Ball
3-2: Strikes out looking
Batting: RHB Carlos de Jesus 0-0: Swinging Strike
0-1: Ball
1-1: Foul Ball, location: 2F
1-2: Foul Ball, location: 2F
1-2: Ball
2-2: Strikes out looking
Batting: RHB Bob Hayes 0-0: Foul Ball, location: 2F
0-1: Called Strike
0-2: Foul Ball, location: 2F
0-2: Foul Ball, location: 2F
0-2: Ball
1-2: Ball
2-2: Strikes out swinging
Bottom of the 8th over - 0 runs, 0 hits, 0 errors, 0 left on base; Fort Myers 12 - Modesto 2
TOP OF THE 9TH
Fort Myers Miracle batting - Pitching for Modesto Nuts : LHP Mike Pierce
Batting: SHB Manny Molina 0-0: Ball
1-0: Ball
2-0: SINGLE (Groundball, 56D, EV 111.2 MPH)
Batting: LHB Marshall Daul 0-0: Ball
Passed Ball!
Manny Molina to second
1-0: Foul Ball, location: 2F
1-1: SINGLE (Groundball, 6MD, EV 105.6 MPH)
Manny Molina to third
Runner from 3rd tries for Home, SAFE, throw by CF to home
Batting: RHB Willie Jimenez 0-0: Ball
1-0: Foul Ball, location: 2F
1-1: Fly out, F6 (Line Drive, 6, EV 63.8 MPH)
Batting: SHB Matt Urbani 0-0: Called Strike
0-1: Ball
Passed Ball!
Marshall Daul to second
1-1: Foul Ball, location: 2F
1-2: Foul Ball, location: 2F
1-2: Ball
Passed Ball!
Marshall Daul to third
2-2: Reached on error, E2 (Groundball, 2L, EV 68.1 MPH)
Marshall Daul scores
Pitching: RHP Gorgonio Sigua
Batting: RHB Michael McDonald 0-0: Ball
1-0: Ball
2-0: Foul Ball, location: 2F
2-1: Called Strike
2-2: SINGLE (Flyball, 9LS, EV 100.0 MPH)
Matt Urbani to third
Runner from 3rd tries for Home, throw by RF and OUT! 9-2
Michael McDonald to second
Batting: RHB John Dew 0-0: Ball
1-0: Foul Ball, location: 2F
1-1: Ball
2-1: Swinging Strike
2-2: Fly out, F8 (Line Drive, 8LD, EV 104.4 MPH)
Top of the 9th over - 2 runs, 3 hits, 1 error, 1 left on base; Fort Myers 14 - Modesto 2
BOTTOM OF THE 9TH
Modesto Nuts batting - Pitching for Fort Myers Miracle : RHP Regan Kalinski
Batting: SHB Craig Ruzic 0-0: Swinging Strike
0-1: Ball
1-1: Ball
2-1: Ball
3-1: Base on Balls
Pitching: LHP Mark Challinor
Batting: RHB Seisaburo Edagawa 0-0: Ball
1-0: Ball
2-0: Foul Ball, location: 2F
2-1: Foul Ball, location: 2F
2-2: Ground out 4-3 (Groundball, 4S, EV 76.9 MPH)
Craig Ruzic to second
Batting: SHB Justin Jackson 0-0: Ball
1-0: Ball
2-0: Ground out 1-3 (Groundball, 15S, EV 72.5 MPH)
Pinch Hitting: RHB T.J. Williams 0-0: Ball
1-0: Foul Ball, location: 2F
1-1: Called Strike
1-2: Strikes out swinging
Bottom of the 9th over - 0 runs, 0 hits, 0 errors, 1 left on base; Fort Myers 14 - Modesto 2
Tuesday, September 13th , 2022 - OOTP Baseball 23.7 Build 88